Penguins vs Wolves

Created - Sunday, December 21, 2014 at 01:45

Goals
1 2 3 T
Penguins 1 1 1 3
Wolves 0 0 0 0
Shots
1 2 3 T
Penguins 9 14 3 26
Wolves 14 6 5 25

1st period

1. Penguins , Tye McGinn 11 (Charles Sarault, Jeff Schultz) at 12:05

Penalties :
Aaron Volpatti (CHI) for Fighting (Major) at 2:30, Chris Huxley (WBS) for Fighting (Major) at 2:30, Curtis McKenzie (WBS) for Roughing (Minor) at 3:54

2nd period

2. Penguins , Tye McGinn 12 (Andrej Sustr, Dan Biega) at 16:08

Penalties :
Dane Byers (CHI) for Interference (Minor) at 1:30, Cedric Paquette (CHI) for Hooking (Minor) at 7:31

3rd period

3. Penguins , Matt Kassian 5 (Andrej Sustr, Dean Arsene) at 1:20 (PP)

Penalties :
Jared Boll (CHI) for Fighting (Major) at 0:23, Jeff Schultz (WBS) for Fighting (Major) at 0:23, Jared Boll (CHI) for instigated a fight (Minor) at 0:23, Jared Boll (CHI) for instigated a fight (10 Minutes Misconduct) at 0:23, Michael Caruso (CHI) for Hooking (Minor) at 17:02

Goalie Stats

Keith Kinkaid (WBS), 25 saves from 25 shots - (1.000), W, 23-3-10, 60:00 minutes
Peter Mannino (CHI), 23 saves from 26 shots - (0.885), L, 17-5-2, 60:00 minutes

Players Stats for Penguins

Player Name              G  A  P  +/- PIM S  H  SB GA TA FO     MP     PP MP  PK MP  
------------------------------------------------------------------------------------
Andrej Sustr             0  2  2   2  0   4  1  1  1  0  0/0    23:52   2:56   0:35 
Carson McMillan          0  0  0   0  0   1  1  0  0  0  5/10   18:28   2:57   0:00 
Charles Sarault          0  1  1   1  0   0  2  0  1  0  4/8    15:22   0:23   0:00 
Chris Huxley             0  0  0   0  5   0  1  2  0  2  0/0    17:08   0:00   0:00 
Cody Ceci                0  0  0   0  0   3  0  1  0  2  0/0    28:02   3:58   1:24 
Curtis McKenzie          0  0  0   1  2   0  0  0  0  0  1/2    21:53   3:34   0:00 
Dan Biega                0  1  1   2  0   1  1  2  0  1  0/0    23:52   2:56   0:35 
Dean Arsene              0  1  1   0  0   0  0  1  0  0  0/0     5:02   1:14   0:00 
Drew Bagnall             0  0  0   0  0   0  0  0  0  0  0/0     0:00   0:00   0:00 
Garrett Meurs            0  0  0   0  0   0  3  0  0  1  0/1    18:28   2:57   0:00 
Hunter Bishop            0  0  0   2  0   0  0  0  1  2  0/0    10:03   0:00   0:00 
J.C. Lipon               0  0  0   0  0   0  3  0  4  0  0/0    17:40   3:57   0:00 
Jeff Schultz             0  1  1   0  5   1  1  3  0  0  0/0    22:02   2:44   1:24 
Linden Vey               0  0  0   0  0   2  1  0  5  2  2/4    14:59   0:00   1:37 
Mark McNeill             0  0  0   0  0   1  2  1  3  1  1/12   19:35   3:57   1:37 
Matt Kassian             1  0  1   0  0   8  7  0  1  1  0/1    18:50   2:57   0:22 
Philippe Cornet          0  0  0   0  0   0  2  0  1  0  0/0    14:25   0:00   0:22 
Tye McGinn               2  0  2   2  0   5  1  1  0  1  1/1     8:17   0:00   0:00 

Players Stats for Wolves

Player Name              G  A  P  +/- PIM S  H  SB GA TA FO     MP     PP MP  PK MP  
------------------------------------------------------------------------------------
A.J. Jenks               0  0  0   0  0   0  0  0  0  0  0/0     0:00   0:00   0:00 
Aaron Volpatti           0  0  0  -1  5   5  2  0  3  0  0/0    18:40   0:00   0:35 
Ben Hanowski             0  0  0   0  0   0  0  0  0  0  0/0     6:22   0:00   0:17 
Cedric Paquette          0  0  0  -1  2   1  0  0  4  0  9/11   18:30   0:51   0:00 
Chris Terry              0  0  0   0  0   0  1  1  1  2  2/4    23:23   1:08   4:56 
Christian Hanson         0  0  0  -1  0   2  0  1  2  0  0/0    18:13   0:51   0:00 
Corbin McPherson         0  0  0  -1  0   0  0  0  1  1  0/0    25:28   0:50   3:45 
Dane Byers               0  0  0  -1  2   1  1  0  1  0  0/0    16:26   0:00   1:51 
Jared Boll               0  0  0   0  17  1  2  0  5  0  0/0    12:05   1:08   0:08 
Joel Broda               0  0  0  -1  0   0  0  0  1  0  3/7    18:36   0:00   2:12 
Jordan Schroeder         0  0  0   0  0   3  0  0  3  0  7/11   21:51   1:08   3:49 
Kent Huskins             0  0  0  -1  0   2  4  2  0  2  0/0    24:39   1:09   3:09 
Landon Ferraro           0  0  0  -1  0   0  2  0  0  1  4/6    16:17   0:51   0:00 
Mark Pysyk               0  0  0  -1  0   6  1  1  4  3  0/0    28:07   1:09   3:09 
Michael Caruso           0  0  0   0  2   0  0  0  0  1  0/0    15:43   0:00   0:00 
Scott Glennie            0  0  0   0  0   0  0  0  0  0  0/0     2:39   0:00   0:00 
Yann Sauve               0  0  0  -1  0   4  2  2  0  2  0/0    25:28   0:50   3:45 
Yannick Weber            0  0  0   0  0   0  0  0  0  0  0/0     0:34   0:00   0:00 

3 Stars

1 - Keith Kinkaid (WBS)
2 - Tye McGinn (WBS)
3 - Matt Kassian (WBS)

Power Play

Penguins - 1 on 4 Attempt(s) - 25.00%
Wolves - 0 on 1 Attempt(s) - 0.00%

Penalty Kill

Penguins - 1 on 1 Attempt(s) - 100.00% - Score 0 goal in Penalty Kill
Wolves - 3 on 4 Attempt(s) - 75.00% - Score 0 goal in Penalty Kill

Official

Referees : Unknown
Linesman : Unknown

Game Notes

Chris Huxley beats up Aaron Volpatti at 2:30 of 1st period
Jared Boll and Jeff Schultz fight to a draw at 0:23 of 3rd period

Finance

Level 1 -- Attendance: 1614 (80.70%) -- Ticket Income $56,490
Level 2 -- Attendance: 814 (81.40%) -- Ticket Income $12,210
Total Attendance: 2428 (80.93%)
Total Ticket Income: $68,700
Other Income: $33,663
Total Income: $102,363

Penguins

5 vs 5 Forward 
   Center                   Left Wing                Right Wing               Time % Phy DF OF 
 1 Mark McNeill             Curtis McKenzie          J.C. Lipon               35     1   2  2  
 2 Carson McMillan          Matt Kassian             Garrett Meurs            30     1   2  2  
 3 Charles Sarault          Philippe Cornet          Linden Vey               22     1   2  2  
 4 Curtis McKenzie          Hunter Bishop            Tye McGinn               13     1   2  2  

5 vs 5 Defense 
   Defense                  Defense                                           Time % Phy DF OF 
 1 Cody Ceci                Jeff Schultz                                      35     1   2  2  
 2 Andrej Sustr             Dan Biega                                         30     1   2  2  
 3 Cody Ceci                Chris Huxley                                      22     1   2  2  
 4 Cody Ceci                Jeff Schultz                                      13     1   2  2  

PowerPlay Forward 
   Center                   Left Wing                Right Wing               Time % Phy DF OF 
 1 Mark McNeill             Curtis McKenzie          J.C. Lipon               60     1   2  2  
 2 Carson McMillan          Matt Kassian             Garrett Meurs            40     1   2  2  

PowerPlay Defense
   Defense                  Defense                                           Time % Phy DF OF 
 1 Cody Ceci                Jeff Schultz                                      60     1   2  2  
 2 Andrej Sustr             Dan Biega                                         40     1   2  2  

Penalty Kill 4 Players Forward 
   Center                   Wing                     Time % Phy DF OF 
 1 Curtis McKenzie          Mark McNeill             60     1   2  2  
 2 Matt Kassian             Philippe Cornet          40     1   2  2  

Penalty Kill 4 Players Defense
   Defense                  Defense                  Time % Phy DF OF 
 1 Cody Ceci                Jeff Schultz             60     1   2  2  
 2 Andrej Sustr             Dan Biega                40     1   2  2  

Penalty Kill - 3 Players Forward 
   Forward                                           Time % Phy DF OF 
 1 Curtis McKenzie                                   60     1   2  2  
 2 Mark McNeill                                      40     1   2  2  

Penalty Kill - 3 Players Defense
   Defense                  Defense                  Time % Phy DF OF 
 1 Cody Ceci                Jeff Schultz             60     1   2  2  
 2 Andrej Sustr             Dan Biega                40     1   2  2  

4 vs 4 Forward 
   Center                   Wing                     Time % Phy DF OF 
 1 Curtis McKenzie          Mark McNeill             60     1   2  2  
 2 Matt Kassian             Philippe Cornet          40     1   2  2  

4 vs 4 Defense
   Defense                  Defense                  Time % Phy DF OF 
 1 Cody Ceci                Jeff Schultz             60     1   2  2  
 2 Andrej Sustr             Dan Biega                40     1   2  2  

Last Minutes Offensive
   Center                   Left Wing                Right Wing               Defense                  Defense                  
   Mark McNeill             Curtis McKenzie          J.C. Lipon               Cody Ceci                Jeff Schultz             

Last Minutes Defensive
   Center                   Left Wing                Right Wing               Defense                  Defense                  
   Mark McNeill             Curtis McKenzie          J.C. Lipon               Cody Ceci                Jeff Schultz             

Goaltenders
Starting : Keith Kinkaid            
Backup : Mark Visentin            

Extra Forwards
Normal : Charles Sarault, Hunter Bishop, Curtis McKenzie - PP : Charles Sarault, Hunter Bishop - PK : Curtis McKenzie
Extra Defensemen
Normal : Cody Ceci, Chris Huxley, Andrej Sustr - PP : Cody Ceci - PK : Chris Huxley, Andrej Sustr
Penalty Shots
Curtis McKenzie, Mark McNeill, Matt Kassian, Philippe Cornet, J.C. Lipon

Wolves

5 vs 5 Forward 
   Center                   Left Wing                Right Wing               Time % Phy DF OF 
 1 Jordan Schroeder         Chris Terry              Jared Boll               35     1   2  2  
 2 Cedric Paquette          Aaron Volpatti           Christian Hanson         30     1   2  2  
 3 Landon Ferraro           Aaron Volpatti           Chris Terry              22     1   2  2  
 4 Joel Broda               Dane Byers               Jordan Schroeder         13     1   2  2  

5 vs 5 Defense 
   Defense                  Defense                                           Time % Phy DF OF 
 1 Mark Pysyk               Kent Huskins                                      35     1   2  2  
 2 Corbin McPherson         Yann Sauve                                        30     1   2  2  
 3 Michael Caruso           Mark Pysyk                                        22     1   2  2  
 4 Mark Pysyk               Kent Huskins                                      13     1   2  2  

PowerPlay Forward 
   Center                   Left Wing                Right Wing               Time % Phy DF OF 
 1 Jordan Schroeder         Chris Terry              Jared Boll               60     1   2  2  
 2 Cedric Paquette          Aaron Volpatti           Christian Hanson         40     1   2  2  

PowerPlay Defense
   Defense                  Defense                                           Time % Phy DF OF 
 1 Mark Pysyk               Kent Huskins                                      60     1   2  2  
 2 Corbin McPherson         Yann Sauve                                        40     1   2  2  

Penalty Kill 4 Players Forward 
   Center                   Wing                     Time % Phy DF OF 
 1 Chris Terry              Jordan Schroeder         60     1   2  2  
 2 Jared Boll               Aaron Volpatti           40     1   2  2  

Penalty Kill 4 Players Defense
   Defense                  Defense                  Time % Phy DF OF 
 1 Mark Pysyk               Kent Huskins             60     1   2  2  
 2 Corbin McPherson         Yann Sauve               40     1   2  2  

Penalty Kill - 3 Players Forward 
   Forward                                           Time % Phy DF OF 
 1 Chris Terry                                       60     1   2  2  
 2 Jordan Schroeder                                  40     1   2  2  

Penalty Kill - 3 Players Defense
   Defense                  Defense                  Time % Phy DF OF 
 1 Mark Pysyk               Kent Huskins             60     1   2  2  
 2 Corbin McPherson         Yann Sauve               40     1   2  2  

4 vs 4 Forward 
   Center                   Wing                     Time % Phy DF OF 
 1 Chris Terry              Jordan Schroeder         60     1   2  2  
 2 Jared Boll               Aaron Volpatti           40     1   2  2  

4 vs 4 Defense
   Defense                  Defense                  Time % Phy DF OF 
 1 Mark Pysyk               Kent Huskins             60     1   2  2  
 2 Corbin McPherson         Yann Sauve               40     1   2  2  

Last Minutes Offensive
   Center                   Left Wing                Right Wing               Defense                  Defense                  
   Jordan Schroeder         Chris Terry              Jared Boll               Mark Pysyk               Kent Huskins             

Last Minutes Defensive
   Center                   Left Wing                Right Wing               Defense                  Defense                  
   Jordan Schroeder         Chris Terry              Jared Boll               Mark Pysyk               Kent Huskins             

Goaltenders
Starting : Peter Mannino            
Backup : Scott Wedgewood          

Extra Forwards
Normal : Aaron Volpatti, Landon Ferraro, Dane Byers - PP : Aaron Volpatti, Landon Ferraro - PK : Dane Byers
Extra Defensemen
Normal : Michael Caruso, Mark Pysyk, Corbin McPherson - PP : Michael Caruso - PK : Mark Pysyk, Corbin McPherson
Penalty Shots
Chris Terry, Jordan Schroeder, Jared Boll, Landon Ferraro, Aaron Volpatti

% Time on Ice - Penguins

Lines # - Real PCT - Wanted PCT - Time Play
Normal Forward
1 - 27% - 35% - 14:01
2 - 30% - 30% - 15:31
3 - 26% - 22% - 13:18
4 - 16% - 13% - 8:17
Normal Defense
1 - 30% - 35% - 15:25
2 - 40% - 30% - 20:21
3 - 23% - 22% - 11:51
4 - 7% - 13% - 3:30
PP Forward
1 - 57% - 60% - 3:57
2 - 43% - 40% - 2:57
PP Defense
1 - 57% - 60% - 3:58
2 - 43% - 40% - 2:56
PK Forward
1 - 82% - 60% - 1:37
2 - 18% - 40% - 0:22
PK Defense
1 - 71% - 60% - 1:24
2 - 29% - 40% - 0:35
PK3 Forward
1 - 0% - 60%
2 - 0% - 40%
PK3 Defense
1 - 0% - 60%
2 - 0% - 40%
44 Forward
1 - 0% - 60%
2 - 0% - 40%
44 Defense
1 - 0% - 60%
2 - 0% - 40%
Last Minute Offensive  - 0:00
Last Minute Defensive  - 0:00
Total
Forward - 60:00
Defense - 60:00

% Time on Ice - Wolves

Lines # - Real PCT - Wanted PCT - Time Play
Normal Forward
1 - 34% - 35% - 17:25
2 - 34% - 30% - 17:18
3 - 11% - 22% - 5:32
4 - 21% - 13% - 10:52
Normal Defense
1 - 28% - 35% - 14:21
2 - 41% - 30% - 20:53
3 - 26% - 22% - 13:13
4 - 5% - 13% - 2:40
PP Forward
1 - 57% - 60% - 1:08
2 - 43% - 40% - 0:51
PP Defense
1 - 58% - 60% - 1:09
2 - 42% - 40% - 0:50
PK Forward
1 - 98% - 60% - 6:46
2 - 2% - 40% - 0:08
PK Defense
1 - 46% - 60% - 3:09
2 - 54% - 40% - 3:45
PK3 Forward
1 - 0% - 60%
2 - 0% - 40%
PK3 Defense
1 - 0% - 60%
2 - 0% - 40%
44 Forward
1 - 0% - 60%
2 - 0% - 40%
44 Defense
1 - 0% - 60%
2 - 0% - 40%
Last Minute Offensive  - 0:00
Last Minute Defensive  - 0:00
Total
Forward - 60:00
Defense - 60:00

Play by Play

1st period


0:01 of 1st period - Jordan Schroeder wins face-off versus Mark McNeill in neutral zone.
0:16 of 1st period - Slapshot by Mark Pysyk.
0:16 of 1st period - Deflect By Jared Boll.
0:16 of 1st period - Stopped by Keith Kinkaid with a rebound.
0:18 of 1st period - Slapshot by Mark Pysyk.
0:18 of 1st period - Stopped by Keith Kinkaid with a rebound.
0:20 of 1st period - Slapshot by Mark Pysyk.
0:20 of 1st period - Deflect By Jared Boll.
0:20 of 1st period - Shot Misses the Net.
0:20 of 1st period - Puck is out of play.
0:21 of 1st period - Carson McMillan wins face-off versus Cedric Paquette in Penguins zone.
0:34 of 1st period - Christian Hanson is hit by Carson McMillan and loses puck.
0:44 of 1st period - Snap shot by Corbin McPherson.
0:44 of 1st period - Shot Blocked by Andrej Sustr.
0:46 of 1st period - Slapshot by Yann Sauve.
0:46 of 1st period - Stopped by Keith Kinkaid without a rebound.
0:47 of 1st period - Charles Sarault wins face-off versus Joel Broda in Penguins zone.
1:07 of 1st period - Snap shot by Linden Vey.
1:07 of 1st period - Stopped by Peter Mannino with a rebound.
1:37 of 1st period - Hunter Bishop is hit by Aaron Volpatti and loses puck.
2:15 of 1st period - Slapshot by Mark Pysyk.
2:15 of 1st period - Shot Misses the Net.
2:17 of 1st period - Backhand shot by Cedric Paquette.
2:17 of 1st period - Shot Blocked by Tye McGinn.
2:19 of 1st period - Snap shot by Corbin McPherson.
2:19 of 1st period - Shot Misses the Net.
2:21 of 1st period - Slapshot by Corbin McPherson.
2:21 of 1st period - Deflect By Aaron Volpatti.
2:21 of 1st period - Stopped by Keith Kinkaid with a rebound.
2:23 of 1st period - Slapshot by Christian Hanson.
2:23 of 1st period - Shot Misses the Net.
2:25 of 1st period - Snap shot by Christian Hanson.
2:25 of 1st period - Stopped by Keith Kinkaid with a rebound.
2:27 of 1st period - Snap shot by Christian Hanson.
2:27 of 1st period - Stopped by Keith Kinkaid with a rebound.
2:30 of 1st period - Chris Huxley beats up Aaron Volpatti.
2:30 of 1st period - Penalty to Aaron Volpatti for Fighting.
2:30 of 1st period - Penalty to Chris Huxley for Fighting.
2:31 of 1st period - Carson McMillan wins face-off versus Jordan Schroeder in Penguins zone.
3:02 of 1st period - Slapshot by Matt Kassian.
3:02 of 1st period - Stopped by Peter Mannino with a rebound.
3:21 of 1st period - Slapshot by Mark McNeill.
3:21 of 1st period - Shot Misses the Net.
3:23 of 1st period - Wrist shot by Cody Ceci.
3:23 of 1st period - Stopped by Peter Mannino with a rebound.
3:25 of 1st period - Slapshot by Jeff Schultz.
3:25 of 1st period - Shot Blocked by Kent Huskins.
3:27 of 1st period - Snap shot by Curtis McKenzie.
3:27 of 1st period - Shot Misses the Net.
3:29 of 1st period - Backhand shot by Cody Ceci.
3:29 of 1st period - Deflect By Mark Pysyk.
3:29 of 1st period - Stopped by Peter Mannino without a rebound.
3:30 of 1st period - Cedric Paquette wins face-off versus Mark McNeill in Wolves zone.
3:30 of 1st period - Cedric Paquette is hit by Jeff Schultz.
3:54 of 1st period - Minor Penalty to Curtis McKenzie for Roughing.
3:55 of 1st period - Linden Vey wins face-off versus Jordan Schroeder in Penguins zone.
4:25 of 1st period - Snap shot by Jordan Schroeder.
4:25 of 1st period - Shot Misses the Net.
4:27 of 1st period - Wrist shot by Yann Sauve.
4:27 of 1st period - Stopped by Keith Kinkaid with a rebound.
4:29 of 1st period - Wrist shot by Yann Sauve.
4:29 of 1st period - Stopped by Keith Kinkaid without a rebound.
4:30 of 1st period - Cedric Paquette wins face-off versus Linden Vey in Penguins zone.
4:35 of 1st period - Slapshot by Mark Pysyk.
4:35 of 1st period - Shot Misses the Net.
4:37 of 1st period - Slapshot by Kent Huskins.
4:37 of 1st period - Stopped by Keith Kinkaid with a rebound.
4:39 of 1st period - Slapshot by Mark Pysyk.
4:39 of 1st period - Deflect By Christian Hanson.
4:39 of 1st period - Shot Hit the Post.
4:39 of 1st period - Puck is out of play.
4:40 of 1st period - Cedric Paquette wins face-off versus Linden Vey in Penguins zone.
4:43 of 1st period - Wrist shot by Cedric Paquette.
4:43 of 1st period - Shot Blocked by Cody Ceci.
4:45 of 1st period - Slapshot by Kent Huskins.
4:45 of 1st period - Shot Blocked by Jeff Schultz.
4:47 of 1st period - Slapshot by Kent Huskins.
4:47 of 1st period - Shot Misses the Net.
4:49 of 1st period - Snap shot by Landon Ferraro.
4:49 of 1st period - Shot Misses the Net.
4:51 of 1st period - Slapshot by Mark Pysyk.
4:51 of 1st period - Stopped by Keith Kinkaid without a rebound.
4:52 of 1st period - Linden Vey wins face-off versus Jordan Schroeder in Penguins zone.
5:31 of 1st period - Slapshot by Mark Pysyk.
5:31 of 1st period - Deflect By Cedric Paquette.
5:31 of 1st period - Stopped by Keith Kinkaid with a rebound.
5:33 of 1st period - Slapshot by Mark Pysyk.
5:33 of 1st period - Shot Blocked by Jeff Schultz.
5:35 of 1st period - Snap shot by Christian Hanson.
5:35 of 1st period - Shot Misses the Net.
5:37 of 1st period - Slapshot by Mark Pysyk.
5:37 of 1st period - Shot Misses the Net.
5:54 of 1st period - Penalty to Curtis McKenzie is over, Curtis McKenzie is back on ice.
7:40 of 1st period - Snap shot by Jordan Schroeder.
7:40 of 1st period - Stopped by Keith Kinkaid without a rebound.
7:41 of 1st period - Charles Sarault wins face-off versus Jordan Schroeder in Penguins zone.
7:46 of 1st period - Chris Terry is hit by Andrej Sustr and loses puck.
8:14 of 1st period - Christian Hanson is hit by Garrett Meurs and loses puck.
8:33 of 1st period - Chris Huxley is hit by Kent Huskins and loses puck.
8:42 of 1st period - Snap shot by Aaron Volpatti.
8:42 of 1st period - Stopped by Keith Kinkaid with a rebound.
9:41 of 1st period - Backhand shot by Andrej Sustr.
9:41 of 1st period - Stopped by Peter Mannino with a rebound.
9:43 of 1st period - Snap shot by Philippe Cornet.
9:43 of 1st period - Shot Misses the Net.
9:45 of 1st period - Slapshot by Dan Biega.
9:45 of 1st period - Shot Blocked by Yann Sauve.
10:35 of 1st period - Wrist shot by Andrej Sustr.
10:35 of 1st period - Shot Misses the Net.
11:07 of 1st period - Wrist shot by Jordan Schroeder.
11:07 of 1st period - Stopped by Keith Kinkaid with a rebound.
12:03 of 1st period - Snap shot by Charles Sarault.
12:03 of 1st period - Shot Misses the Net.
12:05 of 1st period - Snap shot by Tye McGinn.
12:05 of 1st period - Goal by Tye McGinn - Penguins : 1 - Wolves : 0.
12:06 of 1st period - Joel Broda wins face-off versus Charles Sarault in neutral zone.
12:09 of 1st period - Michael Caruso is hit by Linden Vey and loses puck.
13:02 of 1st period - Joel Broda is hit by J.C. Lipon and loses puck.
14:51 of 1st period - Wrist shot by Tye McGinn.
14:51 of 1st period - Shot Misses the Net.
14:53 of 1st period - Slapshot by Jeff Schultz.
14:53 of 1st period - Shot Misses the Net.
16:15 of 1st period - Snap shot by Tye McGinn.
16:15 of 1st period - Shot Misses the Net.
17:11 of 1st period - Slapshot by Dane Byers.
17:11 of 1st period - Shot Misses the Net.
17:35 of 1st period - Snap shot by Jared Boll.
17:35 of 1st period - Shot Misses the Net.
18:15 of 1st period - Landon Ferraro is hit by Tye McGinn.
18:41 of 1st period - Cody Ceci is hit by Jared Boll and loses puck.
18:56 of 1st period - Jared Boll is hit by Matt Kassian and loses puck.
19:01 of 1st period - Snap shot by Matt Kassian.
19:01 of 1st period - Stopped by Peter Mannino with a rebound.
19:03 of 1st period - Wrist shot by Carson McMillan.
19:03 of 1st period - Shot Misses the Net.
19:05 of 1st period - Snap shot by Matt Kassian.
19:05 of 1st period - Stopped by Peter Mannino with a rebound.
19:07 of 1st period - Snap shot by Dan Biega.
19:07 of 1st period - Stopped by Peter Mannino with a rebound.
19:09 of 1st period - Slapshot by Andrej Sustr.
19:09 of 1st period - Shot Blocked by Kent Huskins.
19:19 of 1st period - Chris Terry is hit by J.C. Lipon and loses puck.
Goals for this period are 1 for Penguins vs 0 for Wolves.
Shots for this period are 9 for Penguins vs 14 for Wolves.

2nd period


0:01 of 2nd period - Landon Ferraro wins face-off versus Mark McNeill in neutral zone.
0:10 of 2nd period - Wrist shot by Aaron Volpatti.
0:10 of 2nd period - Stopped by Keith Kinkaid with a rebound.
0:27 of 2nd period - Jeff Schultz is hit by Aaron Volpatti and loses puck.
1:04 of 2nd period - Andrej Sustr is hit by Yann Sauve and loses puck.
1:23 of 2nd period - Wrist shot by Matt Kassian.
1:23 of 2nd period - Stopped by Peter Mannino with a rebound.
1:25 of 2nd period - Slapshot by Andrej Sustr.
1:25 of 2nd period - Deflect By Joel Broda.
1:25 of 2nd period - Stopped by Peter Mannino with a rebound.
1:30 of 2nd period - Minor Penalty to Dane Byers for Interference.
1:31 of 2nd period - Chris Terry wins face-off versus Matt Kassian in Wolves zone.
1:31 of 2nd period - Chris Terry is hit by Matt Kassian.
1:44 of 2nd period - Snap shot by Carson McMillan.
1:44 of 2nd period - Shot Blocked by Chris Terry.
1:46 of 2nd period - Slapshot by Cody Ceci.
1:46 of 2nd period - Stopped by Peter Mannino with a rebound.
2:45 of 2nd period - Snap shot by Matt Kassian.
2:45 of 2nd period - Stopped by Peter Mannino without a rebound.
2:46 of 2nd period - Carson McMillan wins face-off versus Chris Terry in Wolves zone.
2:57 of 2nd period - Slapshot by Matt Kassian.
2:57 of 2nd period - Stopped by Peter Mannino with a rebound.
3:11 of 2nd period - Slapshot by Mark Pysyk.
3:11 of 2nd period - Shot Blocked by Dan Biega.
3:29 of 2nd period - Wrist shot by Mark McNeill.
3:29 of 2nd period - Stopped by Peter Mannino without a rebound.
3:30 of 2nd period - Penalty to Dane Byers is over, Dane Byers is back on ice.
3:30 of 2nd period - Cedric Paquette wins face-off versus Mark McNeill in Wolves zone.
3:52 of 2nd period - Snap shot by Mark Pysyk.
3:52 of 2nd period - Shot Blocked by Chris Huxley.
3:54 of 2nd period - Wrist shot by Aaron Volpatti.
3:54 of 2nd period - Stopped by Keith Kinkaid without a rebound.
3:55 of 2nd period - Charles Sarault wins face-off versus Cedric Paquette in Penguins zone.
4:38 of 2nd period - Icing by Christian Hanson.
4:39 of 2nd period - Tye McGinn wins face-off versus Joel Broda in Wolves zone.
4:40 of 2nd period - Slapshot by Cody Ceci.
4:40 of 2nd period - Shot Misses the Net.
4:42 of 2nd period - Snap shot by Tye McGinn.
4:42 of 2nd period - Stopped by Peter Mannino without a rebound.
4:43 of 2nd period - Curtis McKenzie wins face-off versus Joel Broda in Wolves zone.
4:44 of 2nd period - Slapshot by Tye McGinn.
4:44 of 2nd period - Stopped by Peter Mannino with a rebound.
5:21 of 2nd period - Slapshot by Mark Pysyk.
5:21 of 2nd period - Shot Misses the Net.
5:23 of 2nd period - Wrist shot by Mark Pysyk.
5:23 of 2nd period - Deflect By Chris Terry.
5:23 of 2nd period - Shot Misses the Net.
5:23 of 2nd period - Puck is out of play.
5:24 of 2nd period - Carson McMillan wins face-off versus Landon Ferraro in Penguins zone.
5:24 of 2nd period - Carson McMillan is hit by Landon Ferraro.
7:31 of 2nd period - Minor Penalty to Cedric Paquette for Hooking.
7:32 of 2nd period - Mark McNeill wins face-off versus Chris Terry in Wolves zone.
7:34 of 2nd period - Snap shot by Mark McNeill.
7:34 of 2nd period - Shot Misses the Net.
8:23 of 2nd period - Jeff Schultz is hit by Dane Byers and loses puck.
8:48 of 2nd period - Slapshot by Kent Huskins.
8:48 of 2nd period - Stopped by Keith Kinkaid with a rebound.
8:50 of 2nd period - Wrist shot by Dane Byers.
8:50 of 2nd period - Shot Misses the Net.
8:52 of 2nd period - Snap shot by Kent Huskins.
8:52 of 2nd period - Shot Misses the Net.
8:54 of 2nd period - Slapshot by Mark Pysyk.
8:54 of 2nd period - Stopped by Keith Kinkaid with a rebound.
8:56 of 2nd period - Slapshot by Mark Pysyk.
8:56 of 2nd period - Stopped by Keith Kinkaid with a rebound.
9:10 of 2nd period - Slapshot by Mark Pysyk.
9:10 of 2nd period - Shot Blocked by Jeff Schultz.
9:31 of 2nd period - Penalty to Cedric Paquette is over, Cedric Paquette is back on ice.
9:36 of 2nd period - Slapshot by Andrej Sustr.
9:36 of 2nd period - Shot Blocked by Mark Pysyk.
9:38 of 2nd period - Slapshot by Andrej Sustr.
9:38 of 2nd period - Deflect By Mark Pysyk.
9:38 of 2nd period - Stopped by Peter Mannino without a rebound.
9:39 of 2nd period - Cedric Paquette wins face-off versus Garrett Meurs in Wolves zone.
9:56 of 2nd period - Corbin McPherson is hit by Dan Biega and loses puck.
10:09 of 2nd period - Chris Huxley is hit by Yann Sauve and loses puck.
10:32 of 2nd period - Michael Caruso is hit by Chris Huxley.
10:54 of 2nd period - Icing by Jeff Schultz.
10:55 of 2nd period - Landon Ferraro wins face-off versus Curtis McKenzie in Penguins zone.
11:30 of 2nd period - Yann Sauve is hit by Philippe Cornet and loses puck.
13:18 of 2nd period - Off-side.
13:19 of 2nd period - Cedric Paquette wins face-off versus Mark McNeill in neutral zone.
13:54 of 2nd period - Cody Ceci is hit by Kent Huskins and loses puck.
14:25 of 2nd period - Slapshot by Jeff Schultz.
14:25 of 2nd period - Stopped by Peter Mannino with a rebound.
14:27 of 2nd period - Slapshot by Andrej Sustr.
14:27 of 2nd period - Shot Blocked by Christian Hanson.
14:37 of 2nd period - Yann Sauve is hit by Mark McNeill and loses puck.
15:08 of 2nd period - Corbin McPherson is hit by Matt Kassian and loses puck.
16:06 of 2nd period - Slapshot by Andrej Sustr.
16:06 of 2nd period - Stopped by Peter Mannino with a rebound.
16:08 of 2nd period - Snap shot by Tye McGinn.
16:08 of 2nd period - Goal by Tye McGinn - Penguins : 2 - Wolves : 0.
16:09 of 2nd period - Joel Broda wins face-off versus Mark McNeill in neutral zone.
16:30 of 2nd period - Slapshot by Mark Pysyk.
16:30 of 2nd period - Shot Blocked by Chris Huxley.
16:36 of 2nd period - Snap shot by Jordan Schroeder.
16:36 of 2nd period - Stopped by Keith Kinkaid with a rebound.
16:46 of 2nd period - Snap shot by Jordan Schroeder.
16:46 of 2nd period - Shot Misses the Net.
17:38 of 2nd period - Michael Caruso is hit by Charles Sarault and loses puck.
17:45 of 2nd period - Snap shot by Linden Vey.
17:45 of 2nd period - Stopped by Peter Mannino without a rebound.
17:46 of 2nd period - Charles Sarault wins face-off versus Landon Ferraro in Wolves zone.
18:01 of 2nd period - Slapshot by Andrej Sustr.
18:01 of 2nd period - Deflect By Linden Vey.
18:01 of 2nd period - Shot Misses the Net.
18:01 of 2nd period - Puck is out of play.
18:02 of 2nd period - Joel Broda wins face-off versus Carson McMillan in Wolves zone.
18:11 of 2nd period - Snap shot by Matt Kassian.
18:11 of 2nd period - Stopped by Peter Mannino without a rebound.
18:12 of 2nd period - Jordan Schroeder wins face-off versus Carson McMillan in Wolves zone.
19:06 of 2nd period - Philippe Cornet is hit by Chris Terry.
19:10 of 2nd period - Charles Sarault is hit by Jared Boll and loses puck.
Goals for this period are 1 for Penguins vs 0 for Wolves.
Shots for this period are 14 for Penguins vs 6 for Wolves.

3rd period


0:01 of 3rd period - Jordan Schroeder wins face-off versus Mark McNeill in neutral zone.
0:23 of 3rd period - Jared Boll and Jeff Schultz fight to a draw.
0:23 of 3rd period - Penalty to Jared Boll for Fighting.
0:23 of 3rd period - Penalty to Jeff Schultz for Fighting.
0:23 of 3rd period - Penalty to Jared Boll for instigated a fight.
0:23 of 3rd period - Penalty to Jared Boll for instigated a fight.
0:24 of 3rd period - Chris Terry wins face-off versus Mark McNeill in Wolves zone.
0:58 of 3rd period - Slapshot by Mark Pysyk.
0:58 of 3rd period - Shot Blocked by Dean Arsene.
1:20 of 3rd period - Wrist shot by Matt Kassian.
1:20 of 3rd period - Goal by Matt Kassian - Penguins : 3 - Wolves : 0.
1:21 of 3rd period - Cedric Paquette wins face-off versus Carson McMillan in neutral zone.
2:59 of 3rd period - Icing by Dan Biega.
3:00 of 3rd period - Landon Ferraro wins face-off versus Mark McNeill in Penguins zone.
3:09 of 3rd period - Slapshot by Mark Pysyk.
3:09 of 3rd period - Deflect By Andrej Sustr.
3:09 of 3rd period - Stopped by Keith Kinkaid without a rebound.
3:10 of 3rd period - Landon Ferraro wins face-off versus Charles Sarault in Penguins zone.
3:23 of 3rd period - Mark Pysyk is hit by Charles Sarault.
4:36 of 3rd period - Jordan Schroeder is hit by Matt Kassian and loses puck.
4:51 of 3rd period - Snap shot by Dane Byers.
4:51 of 3rd period - Stopped by Keith Kinkaid with a rebound.
5:10 of 3rd period - Yann Sauve is hit by Mark McNeill.
5:33 of 3rd period - Icing by Cedric Paquette.
5:34 of 3rd period - Cedric Paquette wins face-off versus Charles Sarault in Wolves zone.
6:22 of 3rd period - Joel Broda is hit by Matt Kassian and loses puck.
7:06 of 3rd period - Wrist shot by Landon Ferraro.
7:06 of 3rd period - Shot Blocked by Mark McNeill.
7:42 of 3rd period - Snap shot by Carson McMillan.
7:42 of 3rd period - Stopped by Peter Mannino without a rebound.
7:43 of 3rd period - Jordan Schroeder wins face-off versus Carson McMillan in Wolves zone.
8:20 of 3rd period - Curtis McKenzie is hit by Kent Huskins and loses puck.
9:17 of 3rd period - Snap shot by Chris Terry.
9:17 of 3rd period - Shot Blocked by Dan Biega.
9:19 of 3rd period - Wrist shot by Joel Broda.
9:19 of 3rd period - Shot Misses the Net.
9:23 of 3rd period - Wrist shot by Chris Terry.
9:23 of 3rd period - Shot Misses the Net.
9:45 of 3rd period - Backhand shot by Aaron Volpatti.
9:45 of 3rd period - Stopped by Keith Kinkaid with a rebound.
10:06 of 3rd period - Slapshot by Yann Sauve.
10:06 of 3rd period - Stopped by Keith Kinkaid without a rebound.
10:07 of 3rd period - Jordan Schroeder wins face-off versus Carson McMillan in Penguins zone.
10:21 of 3rd period - Matt Kassian is hit by Mark Pysyk and loses puck.
10:30 of 3rd period - Kent Huskins is hit by Garrett Meurs and loses puck.
10:53 of 3rd period - Snap shot by Linden Vey.
10:53 of 3rd period - Shot Misses the Net.
10:56 of 3rd period - Icing by Kent Huskins.
10:57 of 3rd period - Cedric Paquette wins face-off versus Charles Sarault in Wolves zone.
11:04 of 3rd period - Charles Sarault is hit by Kent Huskins.
11:15 of 3rd period - Christian Hanson is hit by Philippe Cornet and loses puck.
11:36 of 3rd period - Corbin McPherson is hit by Garrett Meurs and loses puck.
12:05 of 3rd period - Slapshot by Tye McGinn.
12:05 of 3rd period - Stopped by Peter Mannino with a rebound.
12:07 of 3rd period - Slapshot by Andrej Sustr.
12:07 of 3rd period - Shot Misses the Net.
12:09 of 3rd period - Slapshot by Andrej Sustr.
12:09 of 3rd period - Shot Misses the Net.
12:11 of 3rd period - Slapshot by Andrej Sustr.
12:11 of 3rd period - Shot Misses the Net.
12:31 of 3rd period - Slapshot by Mark Pysyk.
12:31 of 3rd period - Stopped by Keith Kinkaid without a rebound.
12:32 of 3rd period - Jordan Schroeder wins face-off versus Mark McNeill in Penguins zone.
14:06 of 3rd period - Wrist shot by Chris Terry.
14:06 of 3rd period - Shot Misses the Net.
14:19 of 3rd period - Icing by Andrej Sustr.
14:20 of 3rd period - Carson McMillan wins face-off versus Joel Broda in Penguins zone.
14:41 of 3rd period - Slapshot by J.C. Lipon.
14:41 of 3rd period - Shot Misses the Net.
14:43 of 3rd period - Slapshot by Jeff Schultz.
14:43 of 3rd period - Shot Blocked by Yann Sauve.
14:45 of 3rd period - Backhand shot by Cody Ceci.
14:45 of 3rd period - Shot Misses the Net.
15:13 of 3rd period - Snap shot by Philippe Cornet.
15:13 of 3rd period - Shot Misses the Net.
15:23 of 3rd period - 10 Minutes Misconduct Penalty to Jared Boll is over.
17:02 of 3rd period - Minor Penalty to Michael Caruso for Hooking.
17:03 of 3rd period - Jordan Schroeder wins face-off versus Mark McNeill in Wolves zone.
17:43 of 3rd period - Snap shot by Mark McNeill.
17:43 of 3rd period - Shot Misses the Net.
17:55 of 3rd period - Corbin McPherson is hit by Matt Kassian and loses puck.
18:41 of 3rd period - Chris Terry is hit by Matt Kassian and loses puck.
19:02 of 3rd period - Penalty to Michael Caruso is over, Michael Caruso is back on ice.
19:08 of 3rd period - Yann Sauve is hit by J.C. Lipon and loses puck.
19:36 of 3rd period - Linden Vey is hit by Landon Ferraro.
Goals for this period are 1 for Penguins vs 0 for Wolves.
Shots for this period are 3 for Penguins vs 5 for Wolves.


Output by the SimonT Hockey Simulator (STHS) for Eric Dolegowski -- Original Page W3C XHTML 1.0 Valid
Hockey Simulator - Hockey Simulation - Hockey Manager